 Dungeon Crawl Stone Soup version 0.24.0-37-gcf1ca852f1 (webtiles) character file.

Game seed: 3071346292137972492, levelgen mode: deterministic

2704 Mrkan the Grappler (level 9, -16/89 HPs)
             Began as a Troll Hunter on Nov 26, 2019.
             Was a Believer of Elyvilon.
             Demolished by an orc warrior
             ... wielding a +2 flail of protection
              (18 damage)
             ... on level 7 of the Dungeon.
             The game lasted 00:12:36 (5179 turns).

Mrkan the Grappler (Troll Hunter)                   Turns: 5179, Time: 00:12:37

Health: -16/89     AC:  8    Str: 27    XL:     9   Next: 39%
Magic:  10/10      EV: 10    Int: 10    God:    Elyvilon [**....]
Gold:   379        SH:  0    Dex: 14    Spells: 8/8 levels left

rFire    . . .     SeeInvis .     - Unarmed
rCold    x . .     Gourm    +   (no shield)
rNeg     . . .     Faith    .   t - +1 robe of Butwuxt {rElec rC- Dex+4} (curse)
rPois    .         Spirit   .   (helmet restricted)
rElec    +         Reflect  .   G - +0 cloak (curse)
rCorr    .         Harm     .   (gloves unavailable)
MR       .....                  (boots unavailable)
Stlth    +.........             (no amulet)
HPRegen  0.64/turn              (no ring)
MPRegen  0.12/turn              (no ring)

@: mighty
A: large, unfitting armour, claws 3, fast metabolism 3, gourmand, regeneration
1, shaggy fur 1, tough skin 3
a: Lesser Healing, Heal Other, Divine Protection, Renounce Religion


You were on level 7 of the Dungeon.
You worshipped Elyvilon.
Elyvilon was pleased with you.
You were very full.

You visited 1 branch of the dungeon, and saw 7 of its levels.
You also visited: Sewer.

You collected 379 gold pieces.

Inventory:

Missiles
 c - 7 large rocks (quivered)
 d - 3 throwing nets
 F - 5 javelins
Armour
 b - a +0 robe
 t - the cursed +1 robe of Butwuxt (worn) {rElec rC- Dex+4}
   (You found it on level 4 of the Dungeon)

   It affects your dexterity (+4).
   It makes you vulnerable to cold.
   It insulates you from electricity.
   It has a curse placed upon it.
 y - a +0 cloak
 G - a cursed +0 cloak (worn)
Magical Staves
 w - an uncursed staff of energy {unknown}
Jewellery
 q - an uncursed amulet of the gourmand {unknown}
 B - a cursed amulet of inaccuracy {unknown}
Wands
 n - a wand of scattershot (3)
 r - a wand of flame (15)
 u - a wand of disintegration (8)
Scrolls
 a - 6 scrolls of identify {unknown}
 g - 2 scrolls of enchant armour {unknown}
 k - 2 scrolls of magic mapping {unknown}
 m - 3 scrolls of enchant weapon {unknown}
 o - a scroll of remove curse {unknown}
 s - 3 scrolls of immolation {unknown}
 x - a scroll of noise {unknown}
Potions
 e - 2 potions of degeneration {unknown}
 h - a potion of mutation {unknown}
 i - 3 potions of berserk rage {unknown}
 j - 2 potions of might
 l - 3 potions of curing {unknown}
 p - a potion of magic {unknown}
 v - a potion of brilliance {unknown}
 z - a potion of ambrosia {unknown}
 C - a potion of heal wounds {unknown}
 D - 2 potions of flight {unknown}
 E - a potion of cancellation {unknown}
 H - a potion of lignification {unknown}
Comestibles
 f - 16 rations
 A - 2 chunks of flesh


   Skills:
 * Level 5.7 Fighting
 - Level 3.6 Throwing
 - Level 1.5 Dodging
 - Level 0.3 Stealth
 - Level 10.0 Unarmed Combat
 + Level 3.9 Invocations


You had 8 spell levels left.
You didn't know any spells.
Your spell library contained the following spells:

 Spells                   Type           Power        Failure   Level  Hunger
 Freeze                   Ice            #...         36%         1    ##.....
 Throw Frost              Conj/Ice       #.....       50%         2    ###....
 Ozocubu's Armour         Chrm/Ice       #.......     75%         3    ####...
 Summon Ice Beast         Ice/Summ       #.......     98%         4    #####..
 Throw Icicle             Conj/Ice       #.......     98%         4    #####..


Dungeon Overview and Level Annotations

Branches:
Dungeon (7/15)             Temple (0/1) D:6           Sewer (visited)

Altars:
Elyvilon
Fedhas
Vehumet


Innate Abilities, Weirdness & Mutations

You are too large for most types of armour.
You have claws for hands.
Your metabolism is lightning-fast.
You like to eat raw meat.
Your natural rate of healing is unusually fast.
You are covered in fur. (AC +1)
You have extremely tough skin. (AC +3)


Message History

The bullfrog hits you.
You completely miss the bullfrog.
The bullfrog hits you but does no damage.
You claw the bullfrog!
The bullfrog is severely wounded.
The bullfrog hits you.
* * * LOW HITPOINT WARNING * * *
The bullfrog closely misses you.
You mangle the bullfrog!!
You kill the bullfrog!
You feel very mighty all of a sudden.
The orc warrior hits you with a +2 flail of protection!!
* * * LOW HITPOINT WARNING * * *
An orc comes into view. It is wielding a +0 hand axe.
The orc priest hits you from afar with a +3 spear!
* * * LOW HITPOINT WARNING * * *
You claw the orc warrior!
The orc warrior is heavily wounded.
The orc warrior hits you with a +2 flail of protection!!
You die...

........)..##..
.......(........
..........######
..##...((##
####(## ##.o##
#..oo# #.##o#
##.##@#
#######..##.#
.>......###.o
........# ####
## ........# #.
........#
.######.
........#
........
........#
######...
........#
#.......#


You could see an orc warrior, an orc priest and 3 orcs.

Vanquished Creatures
  Sigmund (D:2)
  A black bear (D:6)
  A phantom (D:5)
  4 necrophages
  2 centaurs (D:7)
  A big kobold (Sewer)
  4 bullfrogs
  2 scorpions
  3 howler monkeys (D:4)
  3 crimson imps
  4 bullfrog zombies
  4 hounds
  3 orc priests
  A bullfrog skeleton (D:5)
  Crazy Yiuf (D:5)
  5 orc wizards
  A centaur skeleton (D:2)
  Natasha (thrice) (D:2)
  Ijyb (D:3)
  3 iguanas
  3 worker ants
  A killer bee zombie (D:6)
  A hound zombie (D:6)
  2 hound skeletons (D:4)
  Robin (D:3)
  17 adders
  4 gnolls (D:5)
  An ooze (D:2)
  2 adder skeletons (D:5)
  5 worms
  3 dart slugs
  4 leopard geckos
  17 orcs
  4 giant cockroaches
  15 goblins
  11 hobgoblins
  13 jackals
  2 quokkas
  2 ball pythons (D:6)
  6 bats
  5 frilled lizards
  A giant cockroach zombie (D:4)
  A jackal skeleton (D:5)
  15 kobolds
  13 rats
  A bush (D:6)
198 creatures vanquished.

Vanquished Creatures (others)
  A bush (D:6)
  4 plants (D:6)
5 creatures vanquished.

Grand Total: 203 creatures vanquished

Notes
Turn   | Place    | Note
-------+----------+-------------------------------------------
     0 | D:1      | Mrkan the Troll Hunter began the quest for the Orb.
     0 | D:1      | Reached XP level 1. HP: 19/19 MP: 0/0
    95 | D:1      | Reached skill level 1 in Unarmed Combat
   132 | D:1      | Reached XP level 2. HP: 27/27 MP: 1/1
   235 | D:1      | Reached skill level 2 in Unarmed Combat
   563 | D:1      | Reached XP level 3. HP: 28/33 MP: 2/2
   883 | D:2      | Reached skill level 3 in Unarmed Combat
   904 | D:2      | Reached XP level 4. HP: 40/41 MP: 3/3
   949 | D:2      | Noticed Sigmund
   957 | D:2      | Killed Sigmund
   957 | D:2      | Reached skill level 5 in Unarmed Combat
   957 | D:2      | Reached XP level 5. HP: 37/48 MP: 4/4
  1121 | D:2      | Reached XP level 6. HP: 55/55 MP: 5/5
  1144 | D:2      | Noticed Natasha
  1150 | D:2      | Killed Natasha
  1150 | D:2      | Reached skill level 6 in Unarmed Combat
  1279 | D:2      | Noticed Natasha
  1285 | D:2      | Killed Natasha
  1290 | D:2      | Noticed Natasha
  1298 | D:2      | Killed Natasha
  1538 | D:3      | Noticed Ijyb
  1543 | D:3      | Killed Ijyb
  1798 | D:3      | Noticed Robin
  1831 | D:3      | Killed Robin
  2040 | D:4      | Reached skill level 7 in Unarmed Combat
  2230 | D:4      | Reached XP level 7. HP: 55/62 MP: 6/6
  2449 | D:4      | Reached skill level 8 in Unarmed Combat
  2455 | D:4      | Got a creamy pearl robe
  2617 | D:4      | Identified the cursed +1 robe of Butwuxt {rElec rC- Dex+4}
                  | (You found it on level 4 of the Dungeon)
  2977 | D:5      | Entered Level 5 of the Dungeon
  2987 | D:5      | Reached skill level 9 in Unarmed Combat
  3014 | D:5      | Found a radiant altar of Vehumet.
  3156 | D:5      | Found a white marble altar of Elyvilon.
  3178 | D:5      | Reached XP level 8. HP: 53/70 MP: 7/7
  3225 | D:5      | Became a worshipper of Elyvilon the Healer
  3311 | D:5      | Reached skill level 10 in Unarmed Combat
  3345 | D:5      | Reached skill level 1 in Invocations
  3502 | D:5      | Found a runed translucent door.
  3503 | D:5      | Noticed Crazy Yiuf
  3721 | D:5      | Killed Crazy Yiuf
  3853 | D:6      | Reached * piety under Elyvilon
  4007 | D:6      | Found a blossoming altar of Fedhas.
  4155 | D:6      | Found a glowing drain.
  4180 | Sewer    | Entered a sewer
  4241 | Sewer    | Reached ** piety under Elyvilon
  4290 | Sewer    | Found a white marble altar of Elyvilon.
  4416 | D:6      | Found a staircase to the Ecumenical Temple.
  4885 | D:6      | Reached XP level 9. HP: 85/85 MP: 8/10
  4948 | D:7      | Reached skill level 5 in Fighting
  5178 | D:7      | HP: 1/89 [orc priest/+3 spear (7)]
  5179 | D:7      | Demolished by an orc warrior

Levels and vault maps discovered:
D:1:      evilmike_arrival_rings, layout_loops_ring, minmay_misc_feat_x,
          minmay_tromino_mix6
D:2:      layout_rooms, uniq_natasha, uniq_sigmund
D:3:      layout_loops_ring, first_ration, uniq_ijyb, uniq_robin
D:4:      cheibrodos_old_hovel, layout_loops_ring, minmay_joined_circles
D:5:      layout_basic, basic_altar, elyvilon_altar_5, uniq_crazy_yiuf_cottage
D:6:      layout_cave_pods, minmay_temple_entry_nine_rooms,
          cheibrodos_sewer_entry_drain, fedhas_altar_decomposition
D:7:      layout_rooms, corexii_leaking_fountain, the_bakery,
          hangedman_abyss_or_decor_lesser_grid

Skill      XL: |  1  2  3  4  5  6  7  8  9 |
---------------+----------------------------+-----
Unarmed Combat | 1 2 3 5 7 9 10 | 10.0
Fighting       | 4 5 |  5.7
Invocations    | 2 3 |  3.9
Throwing       | |  3.6
Dodging        | |  1.5
Stealth        | |  0.3

Action                   |  1- 3 |  4- 6 |  7- 9 || total
-------------------------+-------+-------+-------++-------
Melee: Short sword       |    83 |       |       ||    83
       Unarmed           |    23 |   142 |   282 ||   447
       Punch             |       |     4 |    13 ||    17
  Use: Potion            |       |       |     1 ||     1
 Stab: Sleeping          |     1 |     1 |     1 ||     3
  Eat: Chunk             |    13 |    12 |    28 ||    53
Armor: Robe              |    56 |    53 |    92 ||   201
Dodge: Dodged            |    71 |    68 |   150 ||   289
